 Dungeon Crawl Stone Soup version 0.31-a0-1074-g0b22e4e0f1 (webtiles) character file.

Game seed: 4409559572583988392

116658 jasper the Severer (level 16, -1/168 HPs)
             Began as a Gargoyle Berserker on Nov 22, 2023.
             Was a High Priest of Trog.
             Slain by a goliath frog (30 damage)
             ... on level 2 of the Swamp on Nov 28, 2023.
             The game lasted 00:51:49 (22271 turns).

jasper the Severer (Gargoyle Berserker)            Turns: 22271, Time: 00:51:50

Health: -1/168     AC: 37    Str: 23    XL:     16   Next: 72%
Magic:  5/5        EV: 11    Int: 13    God:    Trog [*****.]
Gold:   4086       SH:  0    Dex: 15    Spells: 15/15 levels left

rFire   . . .        r - +5 battleaxe (antimagic)
rCold   . . .        (shield currently unavailable)
rNeg    + . .        p - +3 plate armour {Will+}
rPois   ∞            n - +2 helmet {Int+3}
rElec   +            (no cloak)
rCorr   +            B - +1 pair of gloves {hurl}
SInv    .            V - +0 pair of boots
Will    ++...        Z - amulet of regeneration Stlth
                     s - ring of Zoqo {Wiz Str+2 Slay+2}
HPRegen 1.28/turn    a - ring of resist corrosion
MPRegen 0.09/turn

%: wizardry (x1)
@: berserking, flying, very quick
A: sickness immunity, AC +12, big wings, negative energy resistance 1,
electricity resistance, torment resistance 1, petrification resistance
a: Renounce Religion, Berserk, Trog's Hand, Brothers in Arms


You were on level 2 of the Swamp.
You worshipped Trog.
Trog was extremely pleased with you.
You visited 4 branches of the dungeon, and saw 24 of its levels.
You also visited: Sewer.

You collected 4238 gold pieces.
You spent 152 gold pieces at shops.

Inventory:

Hand Weapons
 l - a +3 battleaxe
 r - a +5 antimagic battleaxe (weapon)
 C - a +0 hand axe of flaming
Missiles
 b - 7 curare-tipped darts
 f - 4 javelins
 D - 58 poisoned darts
 R - 9 atropa-tipped darts
 W - 14 boomerangs (quivered)
Armour
 n - a +2 helmet of intelligence (worn)
 p - a +3 plate armour of willpower (worn)
 B - a +1 pair of gloves of hurling (worn)
 V - a +0 pair of boots (worn)
Jewellery
 a - a ring of resist corrosion (right hand)
 s - the ring of Zoqo (left hand) {Wiz Str+2 Slay+2}
   (You found it on level 3 of the Dungeon)

   [ring of wizardry]

   Wiz:       It improves your spell success rate.
   Str+2:     It affects your strength (+2).
   Slay+2:    It affects your accuracy & damage with ranged weapons and melee
   (+2).
 u - the ring "Doshinudd" {rF+ Int+3}
   (You found it on level 5 of the Lair of Beasts)

   [ring of protection from fire]

   Int+3:     It affects your intelligence (+3).
   rF+:       It protects you from fire.
 N - the ring "Nuynwal" {MP-9 EV+5 Str+2 Stlth+}
   (You found it on level 15 of the Dungeon)

   [ring of evasion]

   EV+5:      It affects your evasion (+5).
   Str+2:     It affects your strength (+2).
   MP-9:      It affects your magic capacity (-9).
   Stlth+:    It makes you more stealthy.
 O - a ring of positive energy
 Z - an amulet of regeneration (around neck)
Wands
 o - a wand of iceblast (22)
 x - a wand of paralysis (8)
 P - a wand of flame (18)
 T - a wand of mindburst (28)
 X - a wand of acid (2)
 Y - a wand of digging (24)
Scrolls
 c - a scroll of immolation
 d - 2 scrolls of poison
 j - 6 scrolls of enchant weapon
 m - 5 scrolls of revelation
 q - 8 scrolls of teleportation
 t - 5 scrolls of vulnerability
 E - 2 scrolls of fear
 J - 3 scrolls of fog
 L - 2 scrolls of enchant armour
 M - a scroll of brand weapon
Potions
 e - 5 potions of heal wounds
 g - 4 potions of enlightenment
 h - 8 potions of brilliance
 i - a potion of invisibility
 k - 7 potions of curing
 v - 2 potions of cancellation
 w - a potion of magic
 z - 3 potions of resistance
 A - 4 potions of might
 F - 6 potions of lignification
 G - a potion of berserk rage
 H - 3 potions of mutation
 I - a potion of attraction
 K - 4 potions of haste
 U - 2 potions of ambrosia
Miscellaneous
 y - a sack of spiders
 Q - a phial of floods
 S - a condenser vane (inert)


   Skills:
 + Level 17.1 Fighting
 - Level 20.0 Axes
 + Level 11.3 Armour
 + Level 9.3 Dodging
 + Level 6.3 Evocations


You had 15 spell levels left.
You didn't know any spells.
Your spell library was empty.

Dungeon Overview and Level Annotations

Branches:
Dungeon (15/15)            Temple (0/1) D:4            Lair (5/5) D:10
  Swamp (2/4) Lair:2       Spider (0/4) Lair:3        Slime (0/5) Lair:5
    Orc (2/2) D:9             Elf (0/3) Orc:2        Vaults (0/5) D:14
 Depths (0/4) D:15          Sewer (visited)

Altars:
Cheibriados
Dithmenos
Elyvilon
Gozag
Hepliaklqana
Makhleb
Qazlal
Ru
Trog
Uskayaw
Vehumet
Wu Jian
Zin
Jiyva

Shops:
Orc:1 [   Orc:2 **([(

Portals:
Trove: D:12 (give +2 gold dragon scales)

Annotations:
D:9 1 runed translucent door
Swamp:2 1 transporter, Jeffwins's ghost, adept DrSh


Innate Abilities, Weirdness & Mutations

You are immune to sickness and miasma.
Your stone body is resilient. (AC +12)
You are immune to poison.
Your large and strong wings let you fly.
You resist negative energy. (rN+)
You are resistant to electric shocks. (rElec)
You are resistant to unholy torment.
You are immune to petrification.


Message History

Trog accepts your kill. The swamp dragon barely misses you.
The swamp dragon claws you but does no damage.
The swamp dragon tramples you.
* * * LOW HITPOINT WARNING * * *
You hold your ground!
The goliath frog hits you but does no damage.
The moth of wrath goads the tyrant leech on!
The tyrant leech goes berserk!
Jeffwins's ghost falters for a moment.
You take 1 damage, and have 31/168 hp.
You slice Jeffwins's ghost like a ripe choko!!!
Jeffwins's ghost's magic leaks into the air.
Jeffwins's ghost is heavily damaged.
You slash the swamp dragon! The swamp dragon barely misses you.
The swamp dragon claws you.
* * * LOW HITPOINT WARNING * * *
The swamp dragon closely misses you.
The goliath frog hits you but does no damage.
You take 4 damage, and have 27/168 hp.
You completely miss Jeffwins's ghost.
Jeffwins's ghost is heavily damaged.
You slash the swamp dragon!
Jeffwins's ghost falters for a moment.
You slash Jeffwins's ghost!
Jeffwins's ghost's magic leaks into the air.
Jeffwins's ghost is heavily damaged.
You slash the swamp dragon!
You kill the swamp dragon!
Trog accepts your kill.
The swamp dragon scales are intact enough to wear.
The goliath frog hits you but does no damage.
You slice Jeffwins's ghost!!
Jeffwins's ghost's magic leaks into the air.
Jeffwins's ghost is severely damaged.
You hit the tyrant leech. The goliath frog barely misses you.
You slice Jeffwins's ghost!!
Jeffwins's ghost's magic leaks into the air.
Jeffwins's ghost is almost destroyed.
You slash the tyrant leech! You closely miss the moth of wrath.
The goliath frog hits you from afar!!
You die...

♣♣♣♣♣♣♣ ♣♣♣♣♣.....♣♣
♣♣.....###..♣
♣♣..#####.##)♣♣
♣..##.x©...#..♣
♣♣.##.y.y#..##.♣
♣♣..#...#...#.#.♣ ♣
♣...##.W##F#? #.♣♣ ~.♣
♣♣~..©#.#@†.#:##.~♣~...
♣.~..##.wy..#!#....♣...
♣♣.♣.#...#©.[:#§..~..~♣
♣...#.#...#.[#.....~.♣
♣.§.##.#....)##.~.....♣ ♣
♣....#.$.#.#..#.~~♣♣.~♣♣♣
♣♣§~.#...#.#..#..♣♣♣..§.~
♣~~.#.......##.♣♣ ♣.~~)~
♣~~.###...###..♣♣♣♣~~.†.


You could see a tyrant leech (berserk), 2 moths of wrath, a goliath frog
(berserk) and Jeffwins's ghost (magic disrupted).

Vanquished Creatures
  Frances (D:13)
  Kirke (D:13)
  Gastronok (Lair:2)
  4 eleionomae
  A stone giant (D:15)
  A minotaur (Orc:2)
  The ghost of Scrimshaw the Black Belt, a journeyman OpSh of Gozag (Orc:2)
  5 dire elephants (Lair:5)
  A bunyip (Swamp:2)
  Erolcha (D:13)
  11 hydras
  2 vault guards (D:14)
  5 centaur warriors
  2 ghost crabs (Swamp:2)
  7 alligators
  A death knight (D:15)
  4 two-headed ogres
  A boulder beetle (D:12)
  Erica (D:10)
  5 death yaks (Lair:4)
  4 orc high priests
  3 tengu warriors
  A spriggan (Swamp:2)
  2 spectral death yaks (Lair:5)
  A spectral anaconda (Lair:5)
  A skyshark (Lair:5)
  A goliath frog (Swamp:1)
  4 swamp dragons
  An obsidian statue (Lair:5)
  2 spriggan druids
  A bog body (Lair:2)
  7 orc knights
  3 necromancers (Lair:5)
  A lindwurm (Lair:3)
  A deep elf pyromancer (D:12)
  8 orc sorcerers
  3 wolf spiders
  9 ugly things
  2 will-o-the-wisps (Swamp:2)
  4 cyclopes
  4 manticores
  17 elephants
  6 black mambas
  A guardian serpent (D:13)
  15 cane toads
  An unseen horror zombie (D:9)
  3 kobold demonologists (D:12)
  A rime drake (Lair:3)
  A dire elephant skeleton (Lair:5)
  8 komodo dragons
  3 tengu conjurers
  A freezing wraith (D:14)
  6 trolls
  3 meliai (D:14)
  3 polar bears
  5 tyrant leeches (Swamp:2)
  6 hornets
  4 dream sheep (Lair:5)
  2 spectral elephants (Lair:5)
  9 blink frogs
  14 slime creatures
  7 wyverns
  2 shadows (D:11)
  2 vampires
  33 yaks
  6 hogs (D:13)
  8 basilisks
  9 humans (D:14)
  7 vampire mosquitoes
  A death yak simulacrum (Lair:5)
  A spectral cane toad (Lair:5)
  5 swamp worms
  5 acid dragons
  3 wargs
  19 water moccasins
  A swamp drake (Lair:2)
  26 orc warriors
  2 elephant zombies (Lair:5)
  2 ice beasts
  6 black bears
  6 ogres
  The ghost of PortalPony the Twirler, an amateur MeWn (D:5)
  2 elephant skeletons (Lair:5)
  4 centaurs
  3 phantoms
  4 kobold brigands
  14 bullfrogs
  A scorpion (D:5)
  A cane toad simulacrum (Lair:5)
  33 wights
  14 killer bees
  2 elephant simulacra (Lair:5)
  5 howler monkeys
  A centaur zombie (D:9)
  15 orc priests
  A hound (D:5)
  3 jellies
  2 gnoll boudas
  Jessica (D:2)
  8 iguanas
  Terence (D:2)
  23 orc wizards
  A sleepcap (D:8)
  13 hell rats
  Robin (D:3)
  2 howler monkey zombies (D:9)
  13 gnolls
  10 adders
  A shadow imp (D:7)
  A white imp (D:8)
  2 ufetubi (D:5)
  6 worms
  A dart slug (D:4)
  65 orcs
  8 ball pythons
  5 endoplasms
  14 giant cockroaches
  12 goblins (D:3)
  6 hobgoblins
  4 jackals
  34 kobolds
  8 quokkas
  14 bats
  13 frilled lizards
  A rat (D:3)
  A butterfly (Lair:5)
754 creatures vanquished.

Vanquished Creatures (collateral kills)
  Rupert (Lair:5)
1 creature vanquished.

Vanquished Creatures (others)
  A vault guard (D:14)
  3 bloated husks
  A swamp worm (Swamp:2)
  8 foxfires (Swamp:2)
13 creatures vanquished.

Grand Total: 768 creatures vanquished

Notes
Turn   | Place    | Note
-------+----------+-------------------------------------------
     0 | D:1      | jasper the Gargoyle Berserker began the quest for the Orb.
     0 | D:1      | Reached XP level 1. HP: 14/14 MP: 1/1
   197 | D:1      | Reached XP level 2. HP: 15/19 MP: 2/2
   244 | D:1      | Reached skill level 3 in Axes
   566 | D:1      | Reached XP level 3. HP: 20/23 MP: 3/3
  1073 | D:2      | Noticed Jessica
  1084 | D:2      | Killed Jessica
  1085 | D:2      | Reached XP level 4. HP: 23/29 MP: 4/4
  1149 | D:2      | Reached ** piety under Trog
  1576 | D:2      | Noticed Terence
  1586 | D:2      | Killed Terence
  1988 | D:3      | Reached XP level 5. HP: 25/33 MP: 5/5
  2045 | D:3      | Identified the +8 hand axe of Equivalence {venom, Stlth+}
  2264 | D:3      | Noticed Robin
  2282 | D:3      | Killed Robin
  2321 | D:3      | Reached skill level 4 in Axes
  2331 | D:3      | Identified the ring of Zoqo {Wiz Str+2 Slay+2}
  2487 | D:3      | Found a faded altar of an unknown god.
  2530 | D:3      | Found a radiant altar of Vehumet.
  2709 | D:3      | Reached XP level 6. HP: 23/39 MP: 6/6
  3214 | D:4      | Reached *** piety under Trog
  3246 | D:4      | Found a glowing drain.
  3273 | Sewer    | Entered a sewer
  3511 | Sewer    | Reached XP level 7. HP: 30/44 MP: 7/7
  3834 | D:4      | Found a staircase to the Ecumenical Temple.
  4040 | D:4      | Reached skill level 5 in Axes
  4288 | D:5      | Entered Level 5 of the Dungeon
  4297 | D:5      | Reached skill level 5 in Fighting
  4546 | D:5      | Found a burning altar of Makhleb.
  4563 | D:5      | Reached **** piety under Trog
  4636 | D:5      | Reached XP level 8. HP: 42/49 MP: 8/8
  4737 | D:5      | Reached skill level 6 in Axes
  4737 | D:5      | Reached skill level 5 in Armour
  4975 | D:5      | Found a runed translucent gate.
  4976 | D:5      | Found a runed translucent gate.
  4976 | D:5      | Found a runed translucent gate.
  4976 | D:5      | Noticed PortalPony's ghost (amateur MeWn)
  4986 | D:5      | Killed PortalPony's ghost
  5323 | D:6      | Reached skill level 7 in Axes
  5673 | D:6      | Found a white marble altar of Elyvilon.
  6037 | D:7      | Reached XP level 9. HP: 38/54 MP: 9/9
  6038 | D:7      | Reached skill level 5 in Dodging
  6236 | D:7      | Found a stormy altar of Qazlal.
  6265 | D:7      | Reached skill level 8 in Axes
  6310 | D:7      | Found a sacrificial altar of Ru.
  6418 | D:7      | Reached skill level 9 in Axes
  6480 | D:7      | Reached ***** piety under Trog
  6678 | D:7      | Reached skill level 10 in Axes
  6958 | D:8      | Reached XP level 10. HP: 25/59 MP: 10/10
  7160 | D:8      | Found a hide-covered altar of Uskayaw.
  7166 | D:8      | Reached skill level 11 in Axes
  7528 | D:8      | Found an ornate altar of the Wu Jian Council.
  7535 | D:8      | Noticed a cyclops
  7559 | D:8      | Killed a cyclops
  7560 | D:8      | Reached skill level 12 in Axes
  7999 | D:8      | Received a gift from Trog
  8113 | D:9      | Reached skill level 13 in Axes
  8316 | D:9      | Reached XP level 11. HP: 62/63 MP: 11/11
  8367 | D:9      | Noticed a sixfirhy
  8368 | D:9      | Found a runed translucent door.
  8368 | D:9      | Identified the +3 trident "Paaschue" {protect, Dex+2
                  | Stlth+}
  8418 | D:9      | Found a bloodstained altar of Trog.
  8469 | D:9      | Noticed a two-headed ogre
  8482 | D:9      | Killed a two-headed ogre
  8591 | D:9      | Found an opulent altar of Gozag.
  8631 | D:9      | Found a staircase to the Orcish Mines.
  8636 | D:9      | Found a snail-covered altar of Cheibriados.
  8893 | D:9      | Found a glowing silver altar of Zin.
  8933 | D:13     | Identified the "Buryedok"
  8933 | Lair:4   | Identified the of Cimum
  8933 | Orc:1    | Entered Level 1 of the Orcish Mines
  8940 | Orc:1    | Reached skill level 14 in Axes
  8971 | D:10     | Entered Level 10 of the Dungeon
  8990 | D:10     | Noticed a wolf spider
  9042 | D:9      | Killed a wolf spider
  9392 | D:10     | Identified a scroll of acquirement
  9392 | D:10     | Acquired a manual of Fighting
  9464 | D:10     | Found a shadowy altar of Dithmenos.
  9469 | D:10     | Found a hazy altar of Hepliaklqana.
  9517 | D:10     | Noticed Erica
  9523 | D:10     | Killed Erica
  9551 | D:10     | Found a staircase to the Lair.
  9770 | D:10     | Noticed a two-headed ogre
  9778 | D:10     | Killed a two-headed ogre
 10025 | D:11     | Noticed a manticore
 10029 | D:11     | Killed a manticore
 10688 | Lair:1   | Entered Level 1 of the Lair of Beasts
 10954 | Lair:1   | Reached XP level 12. HP: 59/72 MP: 12/12
 11035 | Lair:1   | Reached skill level 15 in Axes
 11213 | Lair:1   | Upgraded the game from 0.31-a0-986-g5e6e4ef867 to
                  | 0.31-a0-1074-g0b22e4e0f1
 11883 | Lair:2   | Found a staircase to the Swamp.
 11905 | Lair:2   | Noticed Gastronok
 11919 | Lair:2   | Killed Gastronok
 11920 | Lair:2   | Reached skill level 16 in Axes
 12052 | Lair:2   | Noticed a five-headed hydra
 12060 | Lair:2   | Killed a one-headed hydra
 12764 | Lair:3   | Found a hole to the Spider Nest.
 12794 | Lair:3   | Reached skill level 10 in Fighting
 12859 | Lair:3   | Reached XP level 13. HP: 75/82 MP: 13/13
 12865 | Lair:3   | Reached ****** piety under Trog
 12949 | Lair:3   | Reached skill level 1 in Evocations
 13991 | Lair:4   | Received a gift from Trog
 14081 | Lair:5   | Entered Level 5 of the Lair of Beasts
 14277 | Lair:5   | Gained mutation: Your large and strong wings let you fly.
                  | [Gargoyle growth]
 14277 | Lair:5   | Reached XP level 14. HP: 83/96 MP: 14/14
 14453 | Lair:5   | Found a staircase to the Slime Pits.
 14454 | Lair:5   | Found a viscous altar of Jiyva.
 14499 | Lair:5   | Reached skill level 10 in Armour
 14597 | Lair:5   | Noticed Rupert
 14600 | Lair:5   | Reached skill level 15 in Fighting
 14605 | Lair:5   | Paralysed by Rupert for 4 turns
 14612 | Lair:5   | Killed Rupert
 14842 | Lair:5   | Noticed a dire elephant
 14842 | Lair:5   | Noticed a dire elephant
 14842 | Lair:5   | Noticed a dire elephant
 14842 | Lair:5   | Noticed a dire elephant
 14845 | Lair:5   | Noticed a dire elephant
 14849 | Lair:5   | Killed a dire elephant
 15003 | Lair:5   | Received a gift from Trog
 15333 | Orc:2    | Entered Level 2 of the Orcish Mines
 15341 | Orc:1    | Reached skill level 5 in Evocations
 15458 | Orc:2    | Found a staircase to the Elven Halls.
 15496 | Orc:2    | Found Jatytt's General Store.
 15507 | Orc:2    | Bought a potion of curing for 48 gold pieces
 15507 | Orc:2    | Bought a scroll of teleportation for 48 gold pieces
 15538 | Orc:2    | Found a runed translucent gate.
 15538 | Orc:2    | Found a runed translucent gate.
 15551 | Orc:2    | Found a runed translucent gate.
 15556 | Orc:2    | Noticed Scrimshaw's ghost (journeyman OpSh)
 15827 | Orc:2    | Found Tamal's Weapon Shoppe.
 15920 | Orc:2    | Found Nalihyarch's Armour Boutique.
 15927 | Orc:2    | Found Orant's Antique Weapon Boutique.
 15929 | Orc:2    | Found Ceoqad's General Store.
 15938 | Orc:2    | Bought a scroll of vulnerability for 56 gold pieces
 16056 | Orc:2    | Killed Scrimshaw's ghost
 16147 | Orc:1    | Received a gift from Trog
 16424 | Orc:1    | Found Tatuw's Antique Armour Shoppe.
 16854 | Lair:5   | Killed a dire elephant
 16855 | Lair:5   | Reached XP level 15. HP: 105/106 MP: 5/15
 17135 | Lair:5   | Identified the +4 quarterstaff "Douckik" {freeze, *Rage
                  | MP+9 Str+2 Int+5}
 17303 | Lair:5   | Identified the ring "Doshinudd" {rF+ Int+3}
 17818 | D:12     | Reached skill level 17 in Axes
 17991 | D:12     | Received a gift from Trog
 18286 | D:12     | Found a portal to a secret trove of treasure.
 18407 | D:13     | Noticed Erolcha
 18413 | D:13     | Killed Erolcha
 18532 | D:13     | Noticed Frances
 18556 | D:13     | Killed Frances
 18770 | D:13     | Noticed Kirke
 18782 | D:13     | Reached skill level 18 in Axes
 18789 | D:13     | Killed Kirke
 19257 | D:14     | Found a white marble altar of Elyvilon.
 19511 | D:14     | Found a gate to the Vaults.
 19577 | D:14     | Reached XP level 16. HP: 112/112 MP: 5/16
 19787 | D:15     | Entered Level 15 of the Dungeon
 19856 | D:15     | Received a gift from Trog
 20008 | D:15     | Reached skill level 19 in Axes
 20114 | D:15     | Identified the ring "Nuynwal" {MP-9 EV+5 Str+2 Stlth+}
 20285 | D:15     | Found a staircase to the Depths.
 20653 | Swamp:1  | Entered Level 1 of the Swamp
 20851 | Swamp:1  | HP: 3/112 [acid (7)]
 21800 | Swamp:2  | Reached skill level 20 in Axes
 22221 | Swamp:2  | Noticed Jeffwins's ghost (adept DrSh)
 22230 | Swamp:2  | Found a transporter.
 22250 | Swamp:2  | Found a transporter.
 22271 | Swamp:2  | Slain by a goliath frog

Illustrated notes

Levels and vault maps discovered:
D:1:      nagdon_arrival_double_spiral, layout_loops_ring, serial_glass,
          glass_columns_a, glass_columns_c, glass_columns_b, glass_columns_b,
          glass_columns_a, glass_columns_c, glass_columns_a, glass_columns_a
D:2:      layout_loops_corners, uniq_jessica, uniq_terence
D:3:      layout_loops_ring, mainiacjoe_overflow_cross_hatched,
          shapermc_ecumenical_altar_mp_urbaneastern, uniq_robin
D:4:      layout_loops_ring, minmay_temple_entry_tees,
          cheibrodos_sewer_entry_drain
D:5:      layout_loops_ring, lemuel_doored_altar, ebering_ghost_rock_garden
D:6:      layout_basic, kennysheep_little_box
D:7:      minmay_the_grid_octo_tiled_squarecenter
          [minmay_the_grid_octo_concentric, minmay_the_grid_octo_checkered,
          minmay_the_grid_octo_tetromino_candy, minmay_the_grid_octo_odd_swirl,
          minmay_the_grid_square_5x5_megaprize_hollow,
          minmay_the_grid_square_5x5_plus, minmay_the_grid_square_5x5_empty,
          minmay_the_grid_square_5x5_lines,
          minmay_the_grid_square_5x5_three_small], layout_rooms,
          nicolae_qazlal_style_of_elements, mainiacjoe_overflow_tiny_flanked,
          grunt_ministairs_9
D:8:      layout_rooms, mainiacjoe_overflow_concentric_impassable,
          amcnicky_altar_gilded
D:9:      cheibrodos_shockbox, layout_cave_pools, zin_statuary,
          overflow_temple_1_default, mainiacjoe_overflow_boulevard,
          grunt_gozag_statues, orc_0_dummy, serial_undead, serial_undead_d,
          serial_undead_d, serial_undead_b, serial_undead_b
D:10:     layout_loops_cross, riverfiend_overflow_shadow_ancestor,
          lair_entry_dummy, kennysheep_island_fort, uniq_erica
D:11:     layout_rooms
D:12:     layout_rooms, serial_rivers, chequers_serial_rivers_marsh,
          chequers_serial_rivers_small_b, chequers_serial_rivers_micro_d,
          chequers_serial_rivers_room_a, chequers_serial_rivers_small_b,
          chequers_serial_rivers_marsh, enter_trove_3
D:13:     layout_long_grid, fake_guardian_serpent_vault, uniq_frances,
          uniq_erolcha, uniq_kirke
D:14:     layout_rooms, ximxim_vaults_locker_room, elyvilon_altar_4
D:15:     grunt_enter_depths_snipers, layout_rooms, hangedman_decor_points
Lair:1:   layout_cave_pods, patterned_corridor
Lair:2:   layout_misc_corridors, minmay_swamp_entry_reptiles,
          chequers_serial_rivers_small_b, uniq_gastronok
Lair:3:   cheibrodos_lair_overgrown_chateau, layout_gridlike,
          spider_nest_entry_web_field
Lair:4:   layout_misc_corridors, minivault_27, serial_bayou_crossing
Lair:5:   due_jungle_book, layout_gridlike, slime_entry_1, lemuel_fruit_tree,
          lemuel_fruit_fields, uniq_rupert
Swamp:1:  layout_falls_marsh, evilmike_swamp_ruin_rubble_2
Swamp:2:  layout_falls_marsh, gammafunk_ghost_berserking_beasts,
          evilmike_swamp_ruin_rubble_1, nicolae_swamp_tree_isthmus,
          infiniplex_staircase_pool
Orc:1:    layout_diamond_mine, serial_shops, shop, library_closet
Orc:2:    st_orc_elflike, layout_diamond_mine, serial_shops,
          nicolae_diamond_shop, maelrawn_ghost_gauntlet_escape

Skill      XL: |  1  2  3  4  5  6  7  8  9 10 11 12 13 14 15 16 |
---------------+-------------------------------------------------+-----
Axes           | 3 4 5 7 10 13 14 16 18 20 | 20.0
Dodging        | 2 3 4 5 6 8 9 |  9.3
Fighting       | 4 5 7 10 14 16 17 | 17.1
Armour         | 3 4 5 6 8 9 11 | 11.3
Evocations     | 3 6 |  6.3

Action                     |  1- 3 |  4- 6 |  7- 9 | 10-12 | 13-15 | 16-18 || total
---------------------------+-------+-------+-------+-------+-------+-------++-------
  Melee: Hand axe          |    93 |   167 |   222 |    91 |    44 |    25 ||   642
         Whip              |       |     9 |       |       |       |       ||     9
         Punch             |       |     1 |       |     8 |     3 |     2 ||    14
         War axe           |       |       |       |   284 |   352 |       ||   636
         Battleaxe         |       |       |       |       |   475 |   275 ||   750
  Throw: Javelin           |     4 |       |       |       |       |       ||     4
         Stone             |     4 |    15 |     9 |     8 |     4 |     7 ||    47
         Boomerang         |       |       |       |       |       |    14 ||    14
 Invoke: Berserk           |       |       |     1 |     3 |     6 |     3 ||    13
         Trog's Hand       |       |       |       |     1 |     5 |     2 ||     8
         Brothers in Arms  |       |       |       |       |     1 |       ||     1
  Evoke: Wand              |       |       |       |     3 |     4 |       ||     7
         Condenser vane    |       |       |       |       |     1 |     1 ||     2
         Phial of floods   |       |       |       |       |     1 |       ||     1
    Use: Scroll            |     2 |     4 |    10 |     9 |     6 |     4 ||    35
         Potion            |       |       |       |       |     2 |       ||     2
   Stab: Confused          |       |       |       |       |       |     1 ||     1
 Armour: Animal skin       |    29 |       |       |       |       |       ||    29
         Ring mail         |    44 |     5 |       |       |       |       ||    49
         Plate armour      |       |   143 |   211 |   407 |  1001 |   381 ||  2143
  Dodge: Dodged            |    75 |    63 |    96 |   176 |   414 |   156 ||   980
  Block: Other             |       |       |       |    70 |       |       ||    70
         Reflection        |       |       |       |     2 |       |       ||     2

Table legend: (Time is in decaauts)
 A = Elapsed time spent in this place.
 B = Non-inter-level travel time spent in this place.
 C = Inter-level travel time spent in this place.
 D = Time resting spent in this place.
 E = Time spent auto-exploring this place.
 F = Levels seen in this place.
 G = Mean time per level.
                   A        B        C        D        E       F      G
               +--------+--------+--------+--------+--------+-----+--------+
         Total |  22420 |  20813 |   1607 |   1684 |  14118 |  25 |  896.8 |
       Dungeon |  13488 |  12546 |    942 |    860 |   9021 |  15 |  899.2 |
          Lair |   5628 |   5204 |    424 |    607 |   3289 |   5 | 1125.6 |
         Swamp |   1315 |   1300 |     15 |    216 |    736 |   2 |  657.5 |
  Orcish Mines |   1445 |   1221 |    224 |      0 |    825 |   2 |  722.5 |
         Sewer |    542 |    542 |      0 |      0 |    245 |   1 |  542.0 |
               +--------+--------+--------+--------+--------+-----+--------+

Top non-repeatable levels by time:
  Lair:5: 1561 daAuts
  Lair:1: 1346 daAuts
     D:9: 1197 daAuts
     D:8: 1190 daAuts
    D:10: 1125 daAuts
     D:3: 1118 daAuts
     D:2: 1113 daAuts
  Lair:3: 1003 daAuts
  Lair:2: 1000 daAuts
     D:5: 984 daAuts
     D:7: 936 daAuts
   Orc:2: 934 daAuts
     D:1: 918 daAuts
     D:6: 784 daAuts
     D:4: 762 daAuts
